Map: Deathaura LE

Players

LiquidMaNa (MaNa)

  • Race: Protoss Protoss
  • League: Master
  • Spawn Location: 5:00

HeroMarine - Winner!

  • Race: Terran Terran
  • Spawn Location: 11:00

Event: StayAtHomestory Cup #2

VOD

Have the link to the VOD?

Description

Time

  • Played on: June 11, 2020, 10:29 a.m.
  • Length: 20:57

All games in this series

Show
View Real Time Build Order
Export as new Build Order

LiquidMaNa Protoss 

Build Orders: 1 Gate Expand, Blink Stalkers, Colossus Rush 

Get SALT Encoding   

  12  0:00  Probe  
  13  0:12  Probe  
  14  0:19  Pylon  
  14  0:24  Probe  
  15  0:33  Probe  
  15  0:37  Gateway  
  15  0:41  Probe, Assimilator  
  17  0:51  Probe  
  17  0:54  Assimilator  
  18  1:00  Probe  
  19  1:08  Probe  
  19  1:18  Probe  
  20  1:24  Cybernetics Core  
  21  1:30  Probe  
  22  1:41  Nexus  
  22  1:48  Pylon  
  22  1:51  Probe  
  23  1:57  Stalker  
  23  2:00  Warp Gate  
  23  2:06  Probe  
  26  2:18  Probe  
  26  2:19  Twilight Council  
  27  2:26  Sentry  
  29  2:30  Probe  
  30  2:38  Blink  
  30  2:40  Robotics Facility  
  30  2:43  Probe  
  31  2:53  Probe  
  31  2:55  Probe  
  33  3:01  Gateway  
  33  3:06  Probe  
  33  3:07  Probe  
  35  3:16  Stalker  
  35  3:18  Probe  
  35  3:19  Probe  
  39  3:28  Warp Prism  
  39  3:30  Probe  
  39  3:32  Probe  
  43  3:37  Pylon  
  43  3:43  Probe  
  43  3:45  Probe  
  45  3:52  Pylon  
  45  3:55  Stalker  
  47  3:56  Stalker  
  47  4:02  Probe x2  
  51  4:08  Observer  
  52  4:12  Gateway  
  52  4:13  Gateway  
  52  4:14  Probe x2  
  54  4:20  Stalker  
  54  4:22  Stalker  
  58  4:28  Probe x2  
  58  4:29  Pylon  
  60  4:33  Assimilator  
  60  4:35  Assimilator  
  59  4:51  Probe  
  60  4:55  Stalker x2  
  60  4:56  Probe  
  65  5:03  Probe  
  65  5:05  Observer  
  67  5:08  Probe  
  67  5:09  Forge  
  67  5:11  Forge  
  68  5:15  Probe  
  68  5:20  Probe  
  70  5:24  Nexus  
  70  5:28  Robotics Bay  
  70  5:29  Protoss Ground Armor Level 1, Protoss Ground Weapons Level 1  
  70  5:39  Pylon  
  70  5:45  Pylon  
  70  5:48  Pylon  
  70  5:51  Observer  
  70  5:57  Probe x2  
  70  5:59  Colossus  
  72  6:07  Extended Thermal Lance  
  72  6:10  Probe x2  
  72  6:11  Robotics Facility  
  80  6:22  Probe x2  
  80  6:23  Stalker x2  
  86  6:34  Probe x2  
  86  6:39  Probe  
  89  6:42  Charge  
  89  6:46  Probe x2  
  90  6:50  Immortal  
  90  6:51  Probe  
  91  6:57  Colossus  
  91  6:58  Probe x2  
  101  7:03  Probe, Assimilator  
  101  7:04  Assimilator  
  101  7:06  Photon Cannon  
  102  7:10  Probe  
  103  7:16  Shield Battery  
  103  7:17  Pylon  
  103  7:29  Colossus  
  109  7:35  Gateway  
  109  7:37  Gateway  
  109  7:39  Pylon  
  109  7:40  Pylon  
  109  7:41  Protoss Ground Weapons Level 2  
  109  7:42  Protoss Ground Armor Level 2  
  107  7:48  Stalker  
  107  7:49  Stalker x3  
  115  7:57  Colossus  
  121  8:14  Zealot  
  121  8:15  Zealot x2  
  121  8:17  Sentry  
  121  8:18  Probe  
  130  8:20  Nexus  
  130  8:22  Pylon  
  130  8:30  Nexus  
  126  8:41  Zealot x6  
  124  8:45  Probe x2  
  124  8:46  Colossus  
  124  8:48  Pylon  
  108  9:08  Zealot x4, Observer  
  112  9:12  Probe, Stalker x2  
  117  9:21  Probe  
  108  9:24  Photon Cannon, Observer  
  108  9:25  Immortal, Shield Battery  
  108  9:28  Probe x2  
  114  9:31  Sentry  
  114  9:32  Sentry x2  
  114  9:33  Probe  
  114  9:34  Immortal  
  121  9:41  Photon Cannon  
  121  9:43  Zealot x2  
  129  9:53  Zealot  
  129  9:54  Photon Cannon  
  129  9:55  Pylon  
  129  9:58  Protoss Ground Armor Level 3, Protoss Ground Weapons Level 3  
  131  10:03  Immortal  
  134  10:07  Observer  
  134  10:08  Robotics Facility  
  134  10:14  Templar Archives  
  135  10:15  Assimilator  
  135  10:18  Assimilator  
  135  10:21  Pylon  
  135  10:27  Disruptor  
  135  10:34  Stalker x6  
  147  10:37  Disruptor  
  150  10:48  Pylon  
  153  11:00  High Templar x4  
  153  11:02  Zealot x2  
  165  11:04  Archon x2  
  165  11:05  Disruptor  
  165  11:10  Observer  
  168  11:12  Disruptor  
  171  11:24  Dark Shrine  
  171  11:30  Pylon  
  171  11:32  Nexus  
  159  11:34  Stalker x6  
  168  11:47  Disruptor  
  171  11:57  Zealot x2  
  171  11:58  Zealot x4  
  171  11:59  Disruptor  
  186  12:03  Pylon  
  186  12:05  Pylon  
  186  12:10  Photon Cannon  
  186  12:13  Shield Battery, Disruptor  
  186  12:14  Pylon, Photon Cannon  
  189  12:23  Observer  
  190  12:35  Immortal  
  190  12:37  Dark Templar x4  
  198  12:47  Immortal  
  194  12:54  Immortal  
  194  13:02  Zealot x2  
  192  13:11  Dark Templar x4  
  198  13:25  Nexus  
  194  13:28  Immortal  
  178  13:48  Stalker x5  
  178  13:49  Warp Prism  
  178  13:53  Pylon  
  178  13:54  Probe  
  178  13:55  Probe x2  
  191  14:01  Pylon  
  193  14:04  Protoss Shields Level 1, Gravitic Drive  
  193  14:11  Stalker x3  
  184  14:31  Dark Templar x3  
  188  14:36  Dark Templar  
  188  14:37  Stalker x2  
  193  14:43  Immortal x2  
  172  15:06  Stalker x5  
  137  15:16  Immortal  
  113  15:28  Immortal x2  
  102  15:36  High Templar x6  
  102  15:40  Archon x2  
  102  15:41  Archon  
  102  15:42  Probe x2  
  116  15:45  Colossus  
  122  16:10  Zealot x6  
  128  16:16  Colossus  
  134  16:33  Stalker x4  
  138  16:41  Colossus  
  142  16:55  Sentry x2  
  142  17:00  Nexus  
  146  17:03  Immortal  
  146  17:04  Observer  
  116  17:09  Immortal  
  74  17:23  High Templar x5  
  74  17:26  High Templar  
  86  17:30  Immortal, Archon x2  
  86  17:31  Archon  
  89  17:55  Stalker x4  
  89  17:56  Observer  
  93  18:02  Sentry  
  95  18:13  Stalker  
  97  18:22  Dark Templar  
  97  18:24  Stalker  
  97  18:26  Stalker  
  103  18:30  Pylon  
  103  18:35  Assimilator  
  103  18:36  Assimilator  
  101  18:49  Dark Templar  
  101  18:53  Stalker x2  
  101  18:55  Zealot x3  
  95  19:15  Stalker x3  
  101  19:21  Stalker x3  
  105  19:37  Disruptor  
  105  19:40  Dark Templar  
  105  19:44  Zealot x3  
  105  19:45  Zealot x2  
  111  20:11  Stalker x2  
  111  20:12  Stalker x2  
  118  20:14  Observer x2  
  108  20:22  Zealot x2  
  93  20:35  Observer  
  88  20:40  Zealot x3  
Show
View Real Time Build Order
Export as new Build Order

HeroMarine Terran - Winner!

Build Orders: Reaper Expand 

Get SALT Encoding   

  12  0:00  SCV  
  13  0:12  SCV  
  14  0:17  Supply Depot  
  14  0:25  SCV  
  15  0:38  SCV  
  15  0:39  Barracks  
  16  0:43  Refinery  
  16  0:50  SCV  
  17  1:02  SCV  
  18  1:15  SCV  
  19  1:27  Reaper, Orbital Command  
  20  1:37  Command Center  
  20  1:46  Supply Depot  
  20  1:52  SCV  
  21  1:58  Marine  
  22  2:05  SCV  
  22  2:06  Factory  
  23  2:12  Refinery  
  23  2:16  Bunker  
  23  2:18  SCV  
  23  2:22  Barracks Reactor  
  24  2:30  SCV  
  25  2:42  SCV  
  26  2:50  Orbital Command  
  26  2:51  Starport  
  26  2:53  Widow Mine  
  26  2:54  SCV  
  26  2:58  Marine x2  
  31  3:07  SCV  
  32  3:14  Widow Mine  
  32  3:15  SCV  
  32  3:16  Marine x2  
  32  3:19  SCV, Supply Depot  
  38  3:27  SCV, Medivac  
  38  3:31  SCV  
  38  3:33  Marine  
  38  3:34  Marine  
  43  3:39  SCV  
  43  3:41  Factory Tech Lab  
  45  3:43  SCV  
  45  3:45  Supply Depot  
  46  3:51  SCV, Marine x2  
  46  3:55  SCV  
  50  3:58  Starport Tech Lab  
  50  4:01  Siege Tank  
  52  4:03  SCV  
  52  4:07  SCV  
  54  4:13  Command Center  
  54  4:15  Marine x2  
  56  4:20  Supply Depot  
  57  4:24  Banshee  
  57  4:25  Bunker  
  59  4:33  Siege Tank  
  59  4:35  Supply Depot  
  62  4:40  Marine  
  62  4:41  SCV x2, Marine  
  59  4:53  SCV x2  
  59  4:58  Marine, Barracks  
  59  4:59  Marine  
  63  5:00  Barracks  
  63  5:05  SCV x2  
  65  5:08  Siege Tank  
  68  5:16  Marine  
  68  5:17  Marine  
  69  5:22  SCV  
  69  5:23  SCV  
  71  5:32  Orbital Command  
  71  5:33  Marine  
  71  5:34  Marine  
  71  5:35  SCV x2  
  75  5:47  SCV x2  
  77  5:50  Barracks  
  77  5:51  Marine, Barracks  
  77  5:52  Marine  
  77  5:54  Refinery x2  
  77  5:55  Engineering Bay  
  77  5:56  Engineering Bay  
  79  6:00  SCV x2  
  81  6:07  Starport Reactor, Stimpack  
  81  6:09  Factory Reactor  
  83  6:12  SCV x2  
  83  6:14  Supply Depot  
  83  6:17  Marauder x2  
  87  6:23  Missile Turret  
  87  6:24  SCV x2  
  87  6:25  Terran Infantry Weapons Level 1  
  89  6:26  Missile Turret  
  89  6:27  Terran Infantry Armor Level 1  
  89  6:31  Marine x2  
  91  6:36  SCV x2  
  91  6:38  Combat Shield  
  91  6:39  Marauder  
  94  6:41  Marauder  
  94  6:43  Orbital Command, Missile Turret  
  96  6:48  SCV x2  
  96  6:50  Barracks Reactor, Barracks Tech Lab  
  96  6:51  Widow Mine  
  96  6:53  Widow Mine  
  101  6:58  Supply Depot  
  101  6:59  Supply Depot  
  101  7:01  SCV x2  
  101  7:05  Marauder x2  
  105  7:10  SCV  
  105  7:11  Marine x2  
  105  7:13  SCV  
  109  7:20  SCV, Medivac x2, Missile Turret  
  109  7:21  Supply Depot  
  109  7:22  SCV  
  115  7:25  SCV  
  115  7:32  SCV, Marauder, Marine  
  115  7:33  Missile Turret, Marauder, Marine  
  115  7:34  SCV, Marine x2  
  125  7:40  Refinery x2  
  125  7:43  SCV  
  126  7:44  Armory, SCV  
  126  7:46  SCV, Starport  
  128  7:55  SCV, Medivac x2  
  128  7:56  SCV  
  132  7:58  SCV  
  132  8:03  Supply Depot  
  132  8:05  Marauder x2, Marine x3  
  140  8:06  Marine  
  140  8:09  Supply Depot  
  140  8:10  Supply Depot  
  141  8:22  Command Center  
  141  8:24  Marauder  
  142  8:27  Medivac x2  
  139  8:34  Marauder  
  139  8:35  Terran Infantry Armor Level 2, Terran Infantry Weapons Level 2  
  136  8:41  Marauder  
  136  8:42  Marine x3  
  136  8:43  Viking  
  141  8:55  Marauder  
  140  8:56  Marine  
  140  8:58  Marauder  
  140  8:59  Marine  
  131  9:08  Marauder  
  123  9:10  Marine x2  
  123  9:16  Marauder  
  126  9:18  Terran Ship Weapons Level 1  
  126  9:19  Marauder  
  126  9:20  Marine x2  
  126  9:22  Viking  
  126  9:23  Viking x3  
  130  9:26  Ghost Academy  
  130  9:28  SCV x3, Marine x2  
  130  9:29  Marauder  
  137  9:36  Concussive Shells, Barracks  
  137  9:37  Barracks  
  137  9:38  Barracks  
  137  9:40  SCV x3  
  137  9:44  Bunker  
  144  9:50  Marine x3  
  144  9:51  Marine  
  144  9:54  SCV  
  144  9:55  SCV x2, Enhanced Shockwaves  
  144  9:56  Refinery x2  
  144  9:58  Viking x2, Missile Turret  
  144  9:59  Viking  
  153  10:06  SCV  
  154  10:11  Supply Depot x2  
  154  10:12  Planetary Fortress  
  154  10:13  Supply Depot  
  154  10:17  Missile Turret  
  154  10:18  Ghost  
  154  10:19  Ghost x2  
  160  10:26  Barracks Reactor, Barracks Tech Lab x2  
  160  10:27  Missile Turret  
  160  10:28  Marine x3  
  163  10:29  Marine  
  162  10:37  Viking x2  
  166  10:42  Missile Turret  
  166  10:46  Marauder x2  
  166  10:47  Marine  
  166  10:48  Marauder x2, Marine  
  166  10:49  Marauder, Marine  
  179  10:50  Marine  
  179  10:57  Sensor Tower  
  180  10:59  Sensor Tower  
  180  11:05  Marine  
  180  11:08  Terran Infantry Weapons Level 3, Terran Infantry Armor Level 3  
  180  11:09  Marauder  
  182  11:11  Marauder  
  182  11:12  Marauder x2  
  182  11:15  Marauder  
  182  11:16  Marine x3  
  182  11:17  Marine x2  
  194  11:23  Marine  
  184  11:38  Command Center  
  184  11:40  Command Center  
  184  11:42  Ghost x3  
  184  11:44  Marauder x2  
  192  12:02  Terran Ship Weapons Level 2  
  192  12:03  Fusion Core, Personal Cloaking  
  192  12:05  Marauder x2  
  192  12:06  Medivac  
  192  12:08  Medivac  
  196  12:37  Marine x2  
  196  12:38  Marine  
  196  12:43  Command Center  
  195  12:45  Command Center  
  195  12:49  Liberator  
  195  12:50  Liberator x3  
  183  12:53  Marauder x2, Marine x2  
  183  12:54  Marauder, Marine  
  183  12:56  Marine x2  
  193  13:02  Ghost x2  
  193  13:03  Marine  
  188  13:11  Marine  
  187  13:14  Ghost x2  
  180  13:21  Ghost  
  180  13:22  Orbital Command  
  176  13:27  Missile Turret  
  176  13:32  Liberator  
  177  13:38  Liberator x2  
  163  13:51  Advanced Ballistics  
  163  13:53  SCV x3  
  166  13:57  Command Center x2  
  166  13:59  Marauder x2  
  170  14:07  Sensor Tower  
  170  14:21  Marine x2  
  163  14:25  SCV  
  163  14:26  SCV x2  
  163  14:29  Ghost  
  163  14:30  Ghost  
  165  14:31  Orbital Command  
  165  14:32  Ghost, Marine x2  
  165  14:36  Marauder  
  166  14:45  Orbital Command  
  152  15:00  Marauder x2  
  152  15:01  Marauder  
  152  15:05  Marauder x2, Marine  
  142  15:07  Marine  
  142  15:10  Marine x2  
  120  15:16  Medivac x2  
  124  15:21  Marauder x2  
  124  15:22  Marauder  
  124  15:27  Marauder x2  
  123  15:30  Marine  
  123  15:31  Marine  
  111  15:40  Orbital Command  
  115  15:43  Marauder x2  
  115  15:44  Marauder  
  115  15:48  Marauder  
  115  15:49  Marauder  
  121  15:55  Marine x2  
  121  15:56  Marine x2  
  125  15:59  Marine  
  126  16:08  Marauder x2  
  130  16:14  Marauder  
  130  16:21  Marauder  
  129  16:26  Ghost  
  129  16:29  Marauder  
  129  16:31  Marauder, Marine  
  131  16:33  Marine  
  131  16:35  Marine  
  133  16:40  Marauder  
  133  16:44  Marauder  
  134  16:51  Liberator  
  134  16:53  Liberator  
  140  16:57  Marauder  
  138  17:04  Marine  
  138  17:05  Marauder x2  
  115  17:20  Marauder, Marine x4  
  116  17:24  Liberator  
  117  17:34  Liberator  
  120  17:38  Marauder  
  120  17:39  Marine  
  120  17:40  Marauder, Marine  
  120  17:42  Marine  
  120  17:43  Marine  
  128  17:44  Orbital Command  
  128  17:45  Orbital Command  
  124  17:55  Marauder  
  124  17:56  Marine  
  112  17:59  Liberator  
  112  18:02  SCV x2  
  117  18:14  SCV x2  
  117  18:18  SCV x2  
  121  18:26  Missile Turret  
  121  18:27  Liberator  
  121  18:30  Liberator  
  121  18:32  Marauder  
  129  18:36  Ghost  
  129  18:38  Ghost  
  133  18:44  Ghost  
  133  18:45  Ghost  
  137  18:52  Ghost  
  137  18:54  SCV x4  
  139  19:01  Liberator  
  126  19:11  SCV x4  
  126  19:13  Liberator  
  126  19:15  Marauder x2  
  126  19:17  Marauder x2  
  139  19:20  Viking  
  139  19:23  Marine  
  140  19:28  Bunker  
  140  19:31  Marine  
  141  19:33  Bunker  
  141  19:34  Marine x3  
  141  19:38  Marine x2  
  146  19:48  Ghost x2  
  146  19:49  Marauder  
  152  19:56  Marauder x2  
  131  20:09  Marine x2  
  131  20:10  Marauder  
  131  20:11  Marine x2  
  137  20:17  Marauder  
  129  20:24  Marauder x2  
  129  20:25  Marauder  
  120  20:33  Marine  
  120  20:34  Marauder  
Tags
 
Add a new tag
Caveats
  • Supply blocks, unpowered buildings, or Contaminate may cause inaccurate times.
  • Supply counts are checked every 10 seconds.